[Event "Titled Tuesday Blitz February 22 Early 2022"]
[White "Iskusnyh, Sergei"]
[Black "Prieto Aranguren, Alain"]
[WhiteFideId "4120027"]
[BlackFideId "2268906"]
[WhiteElo "2492"]
[BlackElo "2235"]
[Result "1-0"]
[Round "03"]
[TimeControl "180+1"]
[Date "2022.02.22"]
[WhiteClock "0:00:21"]
[BlackClock "0:00:08"]

1. d4 d5 2. c4 c6 3. Nf3 Nf6 4. e3 Ne4 5. Nc3 e6 6. Bd3 f5 7. Ne5 g6 8. O-O Nd7 9. Nxd7 Bxd7 10. f3 Nxc3 11. bxc3 Bd6 12. Qb3 Qc7 13. f4 g5 14. Ba3 Bxa3 15. Qxa3 Rg8 16. Rab1 b6 17. Rbc1 O-O-O 18. cxd5 exd5 19. c4 dxc4 20. Rxc4 Kb8 21. Rc2 gxf4 22. Rxf4 Rg5 23. Rcf2 Rdg8 24. Bxf5 Bxf5 25. Rxf5 Rxf5 26. Rxf5 Qd7 27. Rf2 Kb7 28. Qb3 Rg7 29. h3 h5 30. Rf3 h4 31. Kh1 Qe7 32. a4 Qe4 33. a5 Qd5 34. Qa3 Qxa5 35. Qf8 Rc7 36. Qf6 Qe1+ 37. Kh2 a5 38. Qd6 a4 39. d5 cxd5 40. Qxd5+ Ka7 41. Qd4 1-0


[Site "https://www.chess.com"]

[Event "Titled Tuesday Blitz February 22 Early 2022"]
[White "Ivanisevic, Ivan"]
[Black "Korkmaz, Necmettin"]
[WhiteFideId "912417"]
[BlackFideId "6303285"]
[WhiteElo "2495"]
[BlackElo "2094"]
[Result "1/2-1/2"]
[Round "03"]
[TimeControl "180+1"]
[Date "2022.02.22"]
[WhiteClock "0:00:07"]
[BlackClock "0:00:24"]

1. c4 e5 2. g3 Nc6 3. Bg2 f5 4. Nc3 Nf6 5. e3 Bb4 6. Nge2 O-O 7. O-O d6 8. Nd5 Ba5 9. a3 Bb6 10. b4 Nxd5 11. cxd5 Ne7 12. f4 e4 13. Qb3 Qe8 14. Bb2 Qf7 15. Nc3 c6 16. Rac1 Nxd5 17. Nxd5 Be6 18. a4 Bxd5 19. Qc3 a5 20. Ba3 axb4 21. Qxb4 Ba5 22. Qb2 c5 23. g4 fxg4 24. Rf2 h5 25. Bf1 Bd8 26. Rg2 Bf6 27. Qc2 Bb3 28. Qb1 Rxa4 29. Bb2 Bd5 30. h3 Be6 31. Bxf6 Qxf6 32. Qxb7 Ra2 33. Qxe4 gxh3 34. Rh2 d5 35. Qf3 c4 36. Bxh3 c3 37. Bxe6+ Qxe6 38. Rxc3 Ra1+ 39. Kf2 d4 40. Rc6 dxe3+ 41. dxe3 Ra2+ 42. Kg3 Qf7 43. Rxa2 Qxa2 44. Qxh5 Rd8 45. Qe5 Qf7 46. Qe6 Re8 47. Qxf7+ Kxf7 48. Kf3 Re7 49. e4 g6 50. e5 Ra7 51. Kg4 Ra1 52. Rf6+ Kg7 53. Kf3 Ra4 54. Ke3 Rb4 55. Kd3 Ra4 56. Kc3 Re4 57. Kd3 Ra4 58. Ke3 Rb4 59. Rd6 Kf7 60. Rd4 Rb1 61. Ke4 Rg1 62. Rd7+ Ke6 63. Rd6+ Kf7 64. Rb6 g5 65. f5 Re1+ 66. Kd4 Rd1+ 67. Kc5 Rc1+ 68. Kd6 Rd1+ 69. Kc7 Rd5 70. Rf6+ Kg7 71. Re6 Kf7 72. Kc6 Ra5 73. Rf6+ Ke7 74. Re6+ Kf7 75. Kb6 Rd5 76. Kc6 Ra5 1/2-1/2


[Site "https://www.chess.com"]

[Event "Titled Tuesday Blitz February 22 Early 2022"]
[White "Jacobson, Aaron"]
[Black "Golsta, Madara"]
[WhiteFideId "2089912"]
[BlackFideId "11607386"]
[WhiteElo "2265"]
[BlackElo "1997"]
[Result "1-0"]
[Round "03"]
[TimeControl "180+1"]
[Date "2022.02.22"]
[WhiteClock "0:00:09"]
[BlackClock "0:00:01"]

1. e4 c5 2. Nf3 d6 3. d4 cxd4 4. e5 dxe5 5. c3 Nc6 6. Bb5 Bg4 7. Nbd2 Nf6 8. h3 Bxf3 9. Nxf3 Qd5 10. Bxc6+ bxc6 11. cxd4 exd4 12. Qxd4 g6 13. O-O Bg7 14. Re1 O-O 15. Qa4 e6 16. Be3 Qb5 17. Qa3 Nd5 18. Bd4 Nf4 19. Bxg7 Kxg7 20. Re4 Nd5 21. Rc1 c5 22. Rxc5 Qb6 23. Rec4 Rab8 24. b3 Rfd8 25. Qb2+ Kg8 26. Rc6 Qb7 27. Ng5 Rbc8 28. Qc1 Rxc6 29. Rxc6 Qb5 30. Ne4 Qe2 31. Nd2 Nf4 32. Rc8 Rxc8 33. Qxc8+ Kg7 34. Qc3+ Kg8 35. Qc8+ Kg7 36. Qc3+ Kg8 37. Qe3 Qd1+ 38. Kh2 g5 39. Ne4 Qf1 40. Qg3 Ne2 41. Qxg5+ Kf8 42. Qd8+ Kg7 43. Qf6+ Kf8 44. Qh8+ Ke7 45. Qf6+ Kf8 46. Qd8+ Kg7 47. Qg5+ Kf8 48. h4 Qg1+ 49. Kh3 Qh1+ 50. Kg4 Qxg2+ 51. Kh5 Qxe4 52. Qd8+ Kg7 53. Qg5+ Qg6+ 54. Kg4 Qxg5+ 55. hxg5 Nc3 56. a3 Nb1 57. a4 Nd2 58. b4 Nc4 59. Kf4 h6 60. gxh6+ Kxh6 61. Ke4 Kg6 62. Kd4 Nb6 63. a5 Nd5 64. b5 Kf5 65. Kc5 Kf4 66. Kc6 Nb4+ 67. Kb7 Nd5 68. Kxa7 Kf3 69. b6 Kxf2 70. b7 Nb4 71. Kb6 Nd5+ 72. Kc5 Ne7 73. b8=Q 1-0


[Site "https://www.chess.com"]

[Event "Titled Tuesday Blitz February 22 Early 2022"]
[White "Jakubowska, Anna"]
[Black "Baker, Chris W"]
[WhiteFideId "1121952"]
[BlackFideId "401676"]
[WhiteElo "1924"]
[BlackElo "2201"]
[Result "1-0"]
[Round "03"]
[TimeControl "180+1"]
[Date "2022.02.22"]
[WhiteClock "0:00:32"]
[BlackClock "0:00:04"]

1. e4 e5 2. Nf3 Nc6 3. Bb5 a6 4. Ba4 Nf6 5. O-O Be7 6. d3 b5 7. Bb3 O-O 8. a4 Bb7 9. Na3 d5 10. exd5 Nxd5 11. Re1 Bf6 12. Bd2 b4 13. Nc4 Re8 14. a5 Nd4 15. Ba4 Nxf3+ 16. Qxf3 Re6 17. Bb3 Qd7 18. Qg3 Rd8 19. Ne3 Rd6 20. Nxd5 Bxd5 21. Bxb4 Rc6 22. Ba4 Rb8 23. Bxc6 Qxc6 24. Bc3 e4 25. dxe4 Bc4 26. e5 Be7 27. e6 f6 28. Rad1 Bd5 29. Qg4 h5 30. Qg6 Bxe6 31. Qxh5 Bf7 32. Qg4 Re8 33. Qd7 Qxd7 34. Rxd7 1-0


[Site "https://www.chess.com"]

[Event "Titled Tuesday Blitz February 22 Early 2022"]
[White "Jakubowski, Krzysztof"]
[Black "Chernomordik, Pavel"]
[WhiteFideId "1112848"]
[BlackFideId "2804530"]
[WhiteElo "2365"]
[BlackElo "2249"]
[Result "1-0"]
[Round "03"]
[TimeControl "180+1"]
[Date "2022.02.22"]
[WhiteClock "0:00:11"]
[BlackClock "0:00:13"]

1. e4 g6 2. d4 Bg7 3. Nc3 d6 4. f4 a6 5. Nf3 b5 6. Be3 b4 7. Na4 Bb7 8. Bd3 Bc6 9. c4 Nf6 10. d5 Bd7 11. h3 e6 12. e5 Nh5 13. g4 dxe5 14. fxe5 Nf6 15. exf6 Bxf6 16. Nc5 O-O 17. O-O Bxb2 18. Rb1 Bg7 19. Rxb4 exd5 20. cxd5 Qe7 21. Re4 Qd6 22. Qc2 f5 23. gxf5 Bxf5 24. Bf4 Qb6 25. Rb1 Qa5 26. Bd2 Qa3 27. Rb3 Qxb3 28. Qxb3 Bxe4 29. Bxe4 1-0


[Site "https://www.chess.com"]

[Event "Titled Tuesday Blitz February 22 Early 2022"]
[White "Janaszak, Dawid"]
[Black "Von Buelow, Georg"]
[WhiteFideId "1119206"]
[BlackFideId "4620658"]
[WhiteElo "2199"]
[BlackElo "2190"]
[Result "1-0"]
[Round "03"]
[TimeControl "180+1"]
[Date "2022.02.22"]
[WhiteClock "0:00:39"]
[BlackClock "0:00:13"]

1. e4 e5 2. Nf3 Nc6 3. d4 exd4 4. Nxd4 Nf6 5. Nxc6 bxc6 6. e5 Qe7 7. Qe2 Nd5 8. h4 d6 9. c4 Nb6 10. Bf4 Ba6 11. Nd2 O-O-O 12. Rh3 dxe5 13. Bg5 f6 14. Ra3 Bb7 15. Be3 c5 16. Rxa7 Qe6 17. O-O-O Be7 18. g3 Kb8 19. Ra5 Rd7 20. Nb3 Rxd1+ 21. Kxd1 Rd8+ 22. Kc1 Be4 23. Nxc5 Bxc5 24. Rxc5 Bd3 25. Qe1 Bxc4 26. Bxc4 Nxc4 27. Qb4+ Nb6 28. Rb5 Rd6 29. a4 Rc6+ 30. Rc5 Rxc5+ 31. Bxc5 Kc8 32. a5 Nd5 33. Qb5 c6 34. Qa6+ Kd7 35. Qb7+ Nc7 36. Bb6 Qc4+ 37. Kd2 Qb4+ 38. Ke3 Qb3+ 39. Ke2 Qxb2+ 40. Kf3 Qb3+ 41. Kg2 Qd5+ 42. Kh2 Qd6 43. a6 Ke6 44. Qxc7 1-0


[Site "https://www.chess.com"]

[Event "Titled Tuesday Blitz February 22 Early 2022"]
[White "Jaracz, Pawel"]
[Black "Lazavik, Denis"]
[WhiteFideId "1102222"]
[BlackFideId "13515110"]
[WhiteElo "2429"]
[BlackElo "2436"]
[Result "0-1"]
[Round "03"]
[TimeControl "180+1"]
[Date "2022.02.22"]
[WhiteClock "0:00:01"]
[BlackClock "0:00:15"]

1. e4 e5 2. Nf3 Nc6 3. Bb5 Nf6 4. d3 Bc5 5. c3 O-O 6. Nbd2 d6 7. O-O h6 8. h3 Bb6 9. Re1 Ne7 10. Nf1 Ng6 11. Ng3 c6 12. Ba4 Re8 13. d4 Bd7 14. Bc2 Qe7 15. Be3 Rad8 16. Qd2 Qf8 17. Rad1 Bc8 18. Qc1 Bc7 19. c4 exd4 20. Bxd4 Ne5 21. Nh4 Bb6 22. Nhf5 Bxd4 23. Rxd4 d5 24. exd5 cxd5 25. Ba4 Nc6 26. Rxe8 Rxe8 27. cxd5 Nxd4 28. Nxd4 Rd8 29. Bb3 Nxd5 30. Nh5 Qe8 31. Nf3 Be6 32. Nd4 Qe7 33. Ng3 Qf6 34. Nf3 Nf4 35. Bxe6 Nxe6 36. Kh2 Qf4 37. Qc2 Ng5 38. Ng1 Rd2 39. Qc8+ Kh7 40. Qxb7 Rxf2 41. Qxa7 Nf3+ 42. Nxf3 Qxf3 0-1


[Site "https://www.chess.com"]

[Event "Titled Tuesday Blitz February 22 Early 2022"]
[White "Jiang, Brian"]
[Black "Vlassov, Nikolai"]
[WhiteFideId "2627922"]
[BlackFideId "4103360"]
[WhiteElo "2414"]
[BlackElo "2407"]
[Result "0-1"]
[Round "03"]
[TimeControl "180+1"]
[Date "2022.02.22"]
[WhiteClock "0:00:05"]
[BlackClock "0:00:09"]

1. d4 Nf6 2. c4 Nc6 3. Nf3 e6 4. Nc3 Bb4 5. Qc2 d6 6. Bd2 O-O 7. a3 Bxc3 8. Bxc3 a5 9. e3 Qe7 10. Be2 e5 11. d5 Nb8 12. O-O c6 13. dxc6 Nxc6 14. Nd2 Be6 15. Rad1 d5 16. cxd5 Nxd5 17. Nc4 Nxc3 18. Qxc3 f6 19. Nb6 Rad8 20. Bc4 Kf7 21. Qb3 Rxd1 22. Rxd1 Rd8 23. Rxd8 Nxd8 24. h3 Qc5 25. Bxe6+ Nxe6 26. Nc4 Qd5 27. Qxb7+ Qxb7 28. Nd6+ Ke7 29. Nxb7 a4 30. Kf1 Kd7 31. Na5 Kd6 32. Nc4+ Kc5 33. Nd2 f5 34. Ke2 e4 35. f3 exf3+ 36. gxf3 g5 37. Kd3 h5 38. Nb1 g4 39. fxg4 fxg4 40. hxg4 h4 41. Nd2 h3 42. Nf3 Kd6 43. g5 Ke7 44. Ke2 Nxg5 45. Nh2 Kd6 46. Kd3 Ke5 47. Kc4 Ke4 48. Kb4 Kxe3 49. Kxa4 Nf3 50. Ng4+ Kf4 51. Nf2 h2 52. b4 Kg3 53. Nh1+ Kg2 54. b5 Kg1 55. Ng3 Kg2 56. b6 Ne5 57. b7 Nd7 0-1


[Site "https://www.chess.com"]

[Event "Titled Tuesday Blitz February 22 Early 2022"]
[White "Johnson, Ben"]
[Black "Manelyuk, Daniil"]
[WhiteFideId "2010917"]
[BlackFideId "44173920"]
[WhiteElo "2203"]
[BlackElo "2222"]
[Result "0-1"]
[Round "03"]
[TimeControl "180+1"]
[Date "2022.02.22"]
[WhiteClock "0:00:01"]
[BlackClock "0:00:25"]

1. Nf3 Nf6 2. c4 g6 3. b3 Bg7 4. Bb2 O-O 5. g3 c5 6. Bg2 d6 7. d4 cxd4 8. Nxd4 Nc6 9. O-O Bd7 10. e3 Rb8 11. Qd2 a6 12. Nc3 Nxd4 13. exd4 b5 14. Rfe1 bxc4 15. bxc4 Re8 16. Rab1 Bf5 17. Rbd1 Qa5 18. Nd5 Qxd2 19. Rxd2 Nxd5 20. Bxd5 e6 21. Be4 Rec8 22. Bxf5 gxf5 23. Ba3 Rxc4 24. Bxd6 Rd8 25. Be5 Bxe5 26. Rxe5 Rdxd4 27. Rxd4 Rxd4 28. Ra5 Rd6 29. Kg2 Kg7 30. f4 Kf6 31. Kf3 Ke7 32. h4 Kd7 33. g4 Rd3+ 34. Ke2 Rd5 35. Rxa6 fxg4 36. Ra7+ Ke8 37. a4 Rf5 38. Ke3 Rh5 39. a5 Rxh4 40. a6 Rh3+ 41. Kf2 Kf8 42. Rb7 Kg7 43. a7 Ra3 44. Kg2 h5 45. Kh2 Kg6 46. Kg2 f6 47. Rc7 h4 48. Rb7 Ra2+ 49. Kg1 g3 50. Rc7 h3 51. f5+ Kxf5 0-1


[Site "https://www.chess.com"]

[Event "Titled Tuesday Blitz February 22 Early 2022"]
[White "Kadam, Om Manish"]
[Black "Tomiello, Mateus Costamilan"]
[WhiteFideId "45076294"]
[BlackFideId "22701958"]
[WhiteElo "1729"]
[BlackElo "1975"]
[Result "1-0"]
[Round "03"]
[TimeControl "180+1"]
[Date "2022.02.22"]
[WhiteClock "0:02:33"]
[BlackClock "0:00:28"]

1. e4 e5 2. Nf3 Nc6 3. Bc4 Nf6 4. d3 Bc5 5. c3 d6 6. b4 Bb6 7. a4 a6 8. Nbd2 O-O 9. O-O d5 10. exd5 Nxd5 11. Ne4 f6 12. Qb3 Be6 13. Nfg5 fxg5 14. Nxg5 Rxf2 15. Rxf2 Qf6 16. d4 Nxd4 17. cxd4 Bxd4 18. Be3 Bxe3 19. Qxe3 Nxe3 20. Bxe6+ Kf8 21. Nxh7+ Ke7 22. Nxf6 gxf6 23. Re1 Kxe6 24. Rxe3 Rd8 25. g4 Rd4 26. h3 Rxb4 27. Ref3 e4 28. Rxf6+ Ke5 29. g5 e3 30. Rg2 Rb1+ 31. Kh2 c5 32. Rf8 Rb6 33. g6 Rxg6 34. Rxg6 Kd4 35. Rd6+ Kc3 36. Re8 1-0


[Site "https://www.chess.com"]

[Event "Titled Tuesday Blitz February 22 Early 2022"]
[White "Kalajzic, Ivan"]
[Black "Karabalis, Harilos"]
[WhiteFideId "14506378"]
[BlackFideId "4621808"]
[WhiteElo "2163"]
[BlackElo "2168"]
[Result "0-1"]
[Round "03"]
[TimeControl "180+1"]
[Date "2022.02.22"]
[WhiteClock "0:00:06"]
[BlackClock "0:01:32"]

1. b3 Nf6 2. Bb2 d5 3. Bxf6 exf6 4. e3 Bd6 5. Nf3 O-O 6. d4 a5 7. Nbd2 a4 8. Bd3 Re8 9. O-O Nd7 10. c4 axb3 11. axb3 Rxa1 12. Qxa1 dxc4 13. bxc4 c6 14. c5 Bb8 15. Qb1 Nf8 16. Nc4 Qc7 17. g3 Bg4 18. Nfd2 g6 19. Nd6 Re7 20. Bc4 Be6 21. Qb3 Bxc4 22. Qxc4 Qd8 23. Rb1 Bxd6 24. cxd6 Qxd6 25. Qd3 b5 26. Ne4 Qe6 27. Nc5 Qd5 28. Rc1 f5 29. Qc3 Ne6 30. Nxe6 Rxe6 31. Qc5 Qd7 32. Rd1 Rd6 33. Ra1 Rd5 34. Ra7 Rxc5 35. Rxd7 Rc4 36. d5 cxd5 37. Rxd5 b4 38. Rd8+ Kg7 39. Rb8 h5 40. h4 Kf6 41. Kg2 Ke5 42. Kf3 Kd6 43. Ke2 Kc5 44. Rc8+ Kb5 45. Rb8+ Ka4 46. Kd3 Rc7 47. Kd4 Kb3 48. f3 Ka3 49. Ra8+ Kb2 50. Kd5 b3 51. Kd6 Rc3 52. e4 Rxf3 53. e5 Rxg3 54. Ke7 Re3 55. Ra5 f4 56. Kxf7 f3 57. e6 f2 58. e7 f1=Q+ 0-1


[Site "https://www.chess.com"]

[Event "Titled Tuesday Blitz February 22 Early 2022"]
[White "Kaplan, Ebru"]
[Black "Sarkar, Justin"]
[WhiteFideId "6315194"]
[BlackFideId "2010011"]
[WhiteElo "1941"]
[BlackElo "2038"]
[Result "1-0"]
[Round "03"]
[TimeControl "180+1"]
[Date "2022.02.22"]
[WhiteClock "0:00:16"]
[BlackClock "0:00:01"]

1. e4 c5 2. Nf3 Nc6 3. Bb5 g6 4. Bxc6 bxc6 5. O-O Bg7 6. Re1 Nf6 7. e5 Nd5 8. c4 Nc7 9. d4 cxd4 10. Qxd4 Ne6 11. Qh4 h6 12. Nc3 g5 13. Qe4 O-O 14. h4 f5 15. exf6 exf6 16. b3 f5 17. Qd3 g4 18. Ne5 Qxh4 19. Ng6 Qf6 20. Nxf8 Qxc3 21. Qxc3 Bxc3 22. Nxe6 dxe6 23. Bxh6 e5 24. Rac1 Bxe1 25. Rxe1 Be6 26. Rxe5 Kf7 27. Be3 a6 28. Rc5 Bd7 29. Kf1 Re8 30. Ra5 Bc8 31. Rc5 Bd7 32. g3 Kg6 33. Ra5 Bc8 34. Bf4 Re4 35. Re5 Rxe5 36. Bxe5 Kf7 37. Ke2 Ke6 38. Bf4 Bd7 39. Ke3 Be8 40. Kd4 Kd7 41. Kc5 Kc8 42. Kb6 a5 43. Kxa5 Kb7 44. Kb4 Bf7 45. Kc5 1-0


[Site "https://www.chess.com"]

[Event "Titled Tuesday Blitz February 22 Early 2022"]
[White "Kashefi, Amir Hosein"]
[Black "Brodowski, Piotr"]
[WhiteFideId "12557935"]
[BlackFideId "1124480"]
[WhiteElo "2098"]
[BlackElo "2422"]
[Result "1-0"]
[Round "03"]
[TimeControl "180+1"]
[Date "2022.02.22"]
[WhiteClock "0:00:07"]
[BlackClock "0:00:10"]

1. e4 d6 2. d4 Nf6 3. Nc3 g6 4. Bg5 Nc6 5. Nf3 Bg7 6. e5 Nd7 7. Bc4 dxe5 8. d5 Nd4 9. Nxd4 exd4 10. Ne2 Nb6 11. Bb3 c5 12. dxc6 bxc6 13. O-O O-O 14. Qd2 Ba6 15. Rfe1 Qd6 16. Ng3 Rae8 17. Ne4 Qc7 18. Bh6 c5 19. Bxg7 Kxg7 20. Qa5 Bb7 21. Qxc5 Qxc5 22. Nxc5 Bc6 23. Rad1 e5 24. f3 Bd5 25. Ne4 Bxb3 26. cxb3 Rd8 27. Nc5 Rfe8 28. Nd3 f6 29. Kf2 Nd5 30. a3 Ne3 31. Rc1 Rc8 32. b4 g5 33. Nc5 Kg6 34. g4 h5 35. Rxe3 dxe3+ 36. Kxe3 hxg4 37. fxg4 Red8 38. Rf1 Rd4 39. Ne4 Rc6 40. b5 Rb6 41. b4 a6 42. bxa6 Rxa6 43. a4 Rxb4 44. Nc5 Rc6 45. Nd7 Rxa4 46. Nf8+ Kf7 47. Nd7 Ra7 48. Nxe5+ Ke6 49. Nxc6 Ra3+ 50. Ke4 Ra4+ 51. Nd4+ Ke7 52. Rf5 Ra1 53. Rb5 Rh1 54. Rb7+ Kd6 55. Rb6+ Kc5 56. Rc6+ Kb4 57. Rxf6 Rxh2 58. Kd5 Rg2 59. Rb6+ Ka4 60. Kc4 Ka5 61. Rb5+ Ka6 62. Rxg5 Kb6 63. Rg6+ Kc7 64. g5 Kd7 65. Kd5 Ke7 66. Rg7+ Kf8 67. Ne6+ Ke8 68. Nf4 Kf8 69. Rg6 Rf2 70. Rf6+ Kg8 71. Ke5 Re2+ 72. Kf5 Ra2 73. Kg6 Ra8 74. Nd5 Ra7 75. Kh6 Rh7+ 76. Kg6 Rg7+ 77. Kf5 Ra7 78. Nf4 Ra5+ 79. Kg6 Ra7 80. Ne6 Ra8 81. Rf8+ Rxf8 82. Nxf8 Kxf8 83. Kh7 Ke7 84. g6 1-0


[Site "https://www.chess.com"]

[Event "Titled Tuesday Blitz February 22 Early 2022"]
[White "Khumalo, Keith"]
[Black "Langner, Ladislav"]
[WhiteFideId "14319470"]
[BlackFideId "300403"]
[WhiteElo "1992"]
[BlackElo "2346"]
[Result "1-0"]
[Round "03"]
[TimeControl "180+1"]
[Date "2022.02.22"]
[WhiteClock "0:01:40"]
[BlackClock "0:00:11"]

1. d4 Nf6 2. c4 g6 3. Nc3 d5 4. Bg5 Ne4 5. Bf4 Nxc3 6. bxc3 Bg7 7. e3 c5 8. Nf3 O-O 9. cxd5 Qxd5 10. Be2 cxd4 11. cxd4 Nc6 12. O-O Rd8 13. Qa4 Bd7 14. Qa3 e6 15. Rab1 b6 16. Ng5 e5 17. Bf3 Qa5 18. Qxa5 bxa5 19. dxe5 h6 20. e6 fxe6 21. Ne4 Nb4 22. Bc7 Rf8 23. Bxa5 Nd5 24. Nc5 Bc8 25. Rfd1 Kh7 26. h4 a6 27. h5 gxh5 28. Bxh5 Ra7 29. Bf3 Raf7 30. Be4+ Kh8 31. Rd2 Nf6 32. Bg6 Re7 33. Rbd1 Nd5 34. g3 Be5 35. e4 Nf6 36. f4 Bb8 37. Rd8 Ba7 38. Rxf8+ Kg7 39. Rxc8 1-0


[Site "https://www.chess.com"]

[Event "Titled Tuesday Blitz February 22 Early 2022"]
[White "Kiolbasa, Oliwia"]
[Black "Blohberger, Felix"]
[WhiteFideId "1154613"]
[BlackFideId "1632051"]
[WhiteElo "2190"]
[BlackElo "2474"]
[Result "1/2-1/2"]
[Round "03"]
[TimeControl "180+1"]
[Date "2022.02.22"]
[WhiteClock "0:00:08"]
[BlackClock "0:00:07"]

1. e4 e5 2. Nf3 Nc6 3. Bb5 Nf6 4. d3 d6 5. O-O Be7 6. c3 O-O 7. Nbd2 a6 8. Ba4 Re8 9. Re1 Bf8 10. Nf1 b5 11. Bc2 d5 12. Ng3 dxe4 13. dxe4 Qxd1 14. Rxd1 h6 15. h3 Be6 16. Be3 a5 17. a4 b4 18. Bd3 Bd6 19. Bb5 Bd7 20. cxb4 Nxb4 21. Bxd7 Nxd7 22. Nf5 Re6 23. Nxd6 cxd6 24. Nh4 Nc2 25. Rac1 Nxe3 26. fxe3 Nc5 27. Nf5 Nxe4 28. Rc4 Nf6 29. Rxd6 Rb8 30. Rxe6 fxe6 31. Ne7+ Kh7 32. Nc6 Rxb2 33. Nxa5 Nd5 34. Re4 Ra2 35. Nc6 Nf6 36. Rxe5 Rxa4 37. Rxe6 h5 38. Nd4 Nd5 39. Nf5 g6 40. Re5 Nf6 41. Nd4 Ra2 42. Nf3 Kh6 43. Re6 Kg7 44. e4 Re2 45. Ng5 h4 46. Kf1 Ra2 47. Re7+ Kg8 48. e5 Nh5 49. e6 Ng3+ 50. Ke1 Rxg2 51. Re8+ Kg7 52. e7 Re2+ 53. Kd1 Kf6 54. Nf3 Rxe7 55. Rxe7 Kxe7 56. Nxh4 Kf6 57. Nxg6 Kxg6 58. h4 Nh5 59. Ke2 Kf5 60. Kf3 Ke5 61. Kg4 Nf6+ 62. Kg5 Ke6 63. h5 Nxh5 1/2-1/2


[Site "https://www.chess.com"]

[Event "Titled Tuesday Blitz February 22 Early 2022"]
[White "Kirillov, Dmitry"]
[Black "Prohorov, Olexandr"]
[WhiteFideId "34180572"]
[BlackFideId "14105578"]
[WhiteElo "2076"]
[BlackElo "1993"]
[Result "0-1"]
[Round "03"]
[TimeControl "180+1"]
[Date "2022.02.22"]
[WhiteClock "0:00:20"]
[BlackClock "0:01:05"]

1. d4 g6 2. c4 Bg7 3. Nc3 c5 4. d5 Bxc3+ 5. bxc3 f5 6. h4 Nf6 7. h5 Nxh5 8. e4 Qa5 9. Bd2 fxe4 10. Rxh5 gxh5 11. Qxh5+ Kd8 12. Be2 d6 13. Nh3 Nd7 14. Ng5 Nf6 15. Qh6 Kc7 16. Qg7 Re8 17. Nxh7 Nxh7 18. Qxh7 Bd7 19. Qxe4 Rh8 20. g3 Raf8 21. Bf3 Rh2 22. Ke2 b5 23. Rh1 Rxh1 24. Bxh1 Qxa2 25. cxb5 Bxb5+ 26. Ke3 Kb6 27. Bf3 Qc4 28. Qg6 a5 29. Be4 Qe2# 0-1


[Site "https://www.chess.com"]

[Event "Titled Tuesday Blitz February 22 Early 2022"]
[White "Klukin, Kirill"]
[Black "Kazancev, Valerij M"]
[WhiteFideId "24199273"]
[BlackFideId "4179609"]
[WhiteElo "2324"]
[BlackElo "2465"]
[Result "1-0"]
[Round "03"]
[TimeControl "180+1"]
[Date "2022.02.22"]
[WhiteClock "0:01:17"]
[BlackClock "0:00:36"]

1. d4 Nf6 2. Nf3 g6 3. e3 Bg7 4. Be2 O-O 5. O-O d6 6. c4 Nc6 7. Nc3 e5 8. b3 Re8 9. dxe5 Nxe5 10. Bb2 Nxf3+ 11. Bxf3 a6 12. Qd2 Rb8 13. Rad1 Be6 14. Rfe1 Qe7 15. Rc1 Nd7 16. Ne2 Ne5 17. Bd5 c6 18. Bxe6 fxe6 19. Red1 Rbd8 20. h3 d5 21. Qc2 Qf7 22. Ng3 Rc8 23. Bd4 Nd7 24. Bxg7 Qxg7 25. Ne2 Nf6 26. Nf4 Qf7 27. Nd3 Ne4 28. f3 Nd6 29. Ne5 Qg7 30. f4 Ne4 31. cxd5 exd5 32. Rxd5 Nf6 33. Rd6 Re7 34. Rcd1 Nd5 35. R6xd5 1-0


[Site "https://www.chess.com"]

[Event "Titled Tuesday Blitz February 22 Early 2022"]
[White "Kobalia, Mikhail"]
[Black "Nur-Mukhametova, Alisa"]
[WhiteFideId "4119150"]
[BlackFideId "54117739"]
[WhiteElo "2667"]
[BlackElo "2015"]
[Result "1-0"]
[Round "03"]
[TimeControl "180+1"]
[Date "2022.02.22"]
[WhiteClock "0:01:57"]
[BlackClock "0:01:32"]

1. e4 c5 2. Nf3 d6 3. d4 cxd4 4. Nxd4 Nf6 5. Nc3 a6 6. Be3 e6 7. g4 h6 8. h4 Nc6 9. Rg1 d5 10. exd5 Nxd5 11. Nxd5 exd5 12. Qe2 Nxd4 13. Bxd4+ Qe7 14. O-O-O Qxe2 15. Bxe2 Bd6 16. Bxg7 Bf4+ 17. Kb1 Rg8 18. Bf6 Be6 19. Bf3 Rg6 20. g5 hxg5 21. hxg5 Rc8 22. Bxd5 Bf5 23. Bb3 Be6 24. Rh1 Rg8 25. Bxe6 fxe6 26. Rh7 1-0


[Site "https://www.chess.com"]

[Event "Titled Tuesday Blitz February 22 Early 2022"]
[White "Kobo, Ori"]
[Black "Guseinov, Gadir"]
[WhiteFideId "2812320"]
[BlackFideId "13401378"]
[WhiteElo "2420"]
[BlackElo "2581"]
[Result "0-1"]
[Round "03"]
[TimeControl "180+1"]
[Date "2022.02.22"]
[WhiteClock "0:00:01"]
[BlackClock "0:00:26"]

1. Nc3 g6 2. e4 c5 3. d4 cxd4 4. Qxd4 Nf6 5. Be3 Nc6 6. Qd2 d6 7. f3 Be6 8. Nge2 Rc8 9. Nf4 Bd7 10. O-O-O Bg7 11. Kb1 Qa5 12. a3 a6 13. h4 h5 14. Ncd5 Qxd2 15. Rxd2 Nxd5 16. Nxd5 Be6 17. Nb6 Rd8 18. Be2 Ne5 19. c4 f5 20. exf5 gxf5 21. Rhd1 Bh6 22. Bxh6 Rxh6 23. f4 Nd7 24. Nd5 Nc5 25. Bf3 Bxd5 26. Rxd5 Rf6 27. Bxh5+ Kf8 28. Bf3 Ne6 29. g3 b6 30. R5d2 Rg6 31. Rg2 Rc8 32. b3 Nc5 33. Kb2 Nd7 34. Bb7 Rc7 35. Bxa6 Nc5 36. Bb5 Ne4 37. Rd3 e6 38. Re3 Rcg7 39. Bc6 Nxg3 40. Rd3 Ke7 41. Rgd2 Nh5 42. Rxd6 Nxf4 43. Rd7+ Kf6 44. Rxg7 Rxg7 45. b4 Rg3 46. a4 Nd3+ 47. Kb1 Nxb4 48. Bb5 f4 49. a5 bxa5 50. c5 Rc3 51. Rf2 e5 52. c6 Rc5 53. c7 Nd5 54. Rc2 Rxb5+ 55. Kc1 Nxc7 56. Rxc7 Kf5 0-1


[Site "https://www.chess.com"]

[Event "Titled Tuesday Blitz February 22 Early 2022"]
[White "Kollars, Dmitrij"]
[Black "Orozbaev, Eldiar"]
[WhiteFideId "12909572"]
[BlackFideId "13802240"]
[WhiteElo "2584"]
[BlackElo "2050"]
[Result "1-0"]
[Round "03"]
[TimeControl "180+1"]
[Date "2022.02.22"]
[WhiteClock "0:00:09"]
[BlackClock "0:00:06"]

1. Nf3 d5 2. d4 Nf6 3. c4 e6 4. Nc3 Be7 5. g3 O-O 6. Bg2 c6 7. O-O b6 8. Qd3 Bb7 9. b3 Na6 10. e4 dxe4 11. Nxe4 Nb4 12. Nxf6+ Bxf6 13. Qd2 c5 14. Bb2 Rc8 15. Rad1 Qe7 16. a3 Na6 17. d5 Rfd8 18. d6 Qf8 19. Bxf6 gxf6 20. Qf4 Kg7 21. Rd2 Rd7 22. Rfd1 Rcd8 23. Nh4 Bxg2 24. Nxg2 Nb8 25. Ne3 f5 26. g4 fxg4 27. Nxg4 Kh8 28. Nf6 Rb7 29. d7 Nc6 30. Kh1 Nd4 31. Rg1 Nf5 32. Rg8+ Qxg8 33. Nxg8 Rbxd7 34. Rxd7 Rxd7 35. Nf6 Rd1+ 36. Kg2 Rd4 37. Qg5 Nh4+ 38. Kh3 Ng6 39. Ng4 Kg7 40. Qf6+ Kf8 41. Ne5 Nxe5 42. Qxe5 Rd3+ 43. Kg2 Rxb3 44. Qb8+ Ke7 45. Qxa7+ Kd6 46. a4 Rb4 47. Qxf7 Rxc4 48. Qxh7 Rxa4 49. h4 c4 50. h5 Ra5 51. h6 Rg5+ 52. Kf1 Rh5 53. Qg6 Rh1+ 54. Kg2 Rxh6 55. Qxh6 b5 56. Qe3 b4 57. Qb6+ 1-0


[Site "https://www.chess.com"]

[Event "Titled Tuesday Blitz February 22 Early 2022"]
[White "Komiagina, Maria"]
[Black "Farmani Anosheh, Armin"]
[WhiteFideId "4153987"]
[BlackFideId "24613240"]
[WhiteElo "1945"]
[BlackElo "2289"]
[Result "0-1"]
[Round "03"]
[TimeControl "180+1"]
[Date "2022.02.22"]
[WhiteClock "0:00:29"]
[BlackClock "0:00:13"]

1. e4 c5 2. Nf3 d6 3. d4 cxd4 4. Nxd4 Nf6 5. Nc3 Nc6 6. Bc4 Qb6 7. Nxc6 bxc6 8. O-O g6 9. Be3 Qc7 10. h3 Bg7 11. Qd2 Rb8 12. Bb3 O-O 13. Kh1 a5 14. Rfe1 Be6 15. Bh6 Rb4 16. Bxe6 fxe6 17. Bxg7 Kxg7 18. b3 e5 19. a3 Rbb8 20. Rad1 Nh5 21. Ne2 Rxf2 22. Qe3 Rbf8 23. Kg1 a4 24. b4 Qb7 25. c4 R8f7 26. c5 Qd7 27. Nc3 Qe6 28. Nxa4 Qa2 29. Qg5 h6 30. Qg4 R7f4 31. Nc3 Rxg4 32. Nxa2 Rgxg2+ 33. Kh1 Ng3# 0-1


[Site "https://www.chess.com"]